 Dungeon Crawl Stone Soup version 0.28-a0-872-g80cf8599ee (webtiles) character file.

Game seed: 16082156797005213089

35784 tilp the Gouger (level 13, -8/61 HPs)
             Began as a Felid Ice Elementalist on Nov 17, 2021.
             Was the Champion of Okawaru.
             Mangled by a very large slime creature (36 damage)
             ... on level 13 of the Dungeon on Nov 20, 2021.
             The game lasted 01:35:18 (42608 turns).

tilp the Gouger (Felid Ice Elementalist)           Turns: 42608, Time: 01:35:18

Health: -8/61      AC: 16    Str:  4    XL:     13   Next: 49%
Magic:  0/24       EV: 23    Int: 21    God:    Okawaru [******]
Gold:   1683       SH:  8    Dex: 17    Spells: 11/26 levels left
                                        Lives:  0   Deaths: 2

rFire   + . .      SeeInvis +     - Unarmed
rCold   + . .      Faith    .   (shield unavailable)
rNeg    . . .      Spirit   +   (armour unavailable)
rPois   .          Reflect  .   (helmet unavailable)
rElec   .          Harm     .   (cloak unavailable)
rCorr   .          Rampage  .   (gloves unavailable)
Will    +....                   (boots unavailable)
Stlth   +++++.....              u - brooch of Shielding {Spirit SH+8}
HPRegen 0.20/turn               j - ring of protection from fire
MPRegen 0.19/turn               f - +4 ring of protection

@: ice-armoured, freezing walls, quick
A: very small, claws 1, fangs 3, see invisible, speed 1, shaggy fur 3, stealthy
paws, no weapons or thrown items, no armour, multi-lived
a: Renounce Religion, Heroism, Finesse, Duel


You were on level 13 of the Dungeon.
You worshipped Okawaru.
Okawaru was exalted by your worship.
You visited 3 branches of the dungeon, and saw 21 of its levels.
You also visited: Sewer and Ossuary.

You collected 2419 gold pieces.
You spent 736 gold pieces at shops.

Inventory:

Jewellery
 f - a +4 ring of protection (right paw)
 h - a ring of wizardry
 j - a ring of protection from fire (left paw)
 n - an amulet of the acrobat
 p - a ring of ice
 r - a ring of positive energy
 s - a ring of ice
 u - the brooch of Shielding (around neck) {Spirit SH+8}
   (You bought it in a shop on level 5 of the Dungeon)

   [amulet of guardian spirit]

   It causes incoming damage to be divided between your reserves of health and
   magic.
   SH:        It affects your SH (+8).
 z - a ring of flight
 D - a +4 ring of evasion
 E - an amulet of magic regeneration
 I - an amulet of faith
 K - a ring of willpower
Wands
 o - a wand of flame (15)
 x - a wand of digging (9)
 y - a wand of paralysis (6)
 H - a wand of polymorph (13)
Scrolls
 i - 11 scrolls of teleportation
 w - 4 scrolls of fog
 F - 9 scrolls of identify
 G - a scroll of amnesia
Potions
 a - a potion of haste
 b - 5 potions of attraction
 c - 4 potions of lignification
 d - 8 potions of curing
 e - 5 potions of mutation
 g - 3 potions of invisibility
 k - 3 potions of flight
 l - 7 potions of brilliance
 m - 3 potions of magic
 q - 3 potions of ambrosia
 t - 2 potions of cancellation
 A - a potion of heal wounds
Miscellaneous
 v - a phial of floods
 C - a piece from Xom's chessboard (15/15)
 J - a condenser vane


   Skills:
 - Level 10.0 Fighting
 - Level 10.0 Dodging
 - Level 10.0 Stealth
 - Level 12.0 Unarmed Combat
 + Level 7.0 Spellcasting
 - Level 8.0 Conjurations
 - Level 4.0 Hexes
 + Level 11.4 Ice Magic
 - Level 10.0 Invocations
 - Level 8.0 Evocations


You had 11 spell levels left.
You knew the following spells:

 Your Spells              Type           Power      Damage    Failure   Level
a - Freeze                Ice            100%       1d11      1%          1
b - Frozen Ramparts       Ice            100%       1d12      1%          3
c - Ozocubu's Armour      Ice            53%        N/A       1%          3
d - Hailstorm             Conj/Ice       48%        3d11      1%          4
e - Ensorcelled Hibernat  Hex/Ice        78%        N/A       1%          2
f - Static Discharge      Conj/Air       24%        N/A       2%          2

Your spell library contained the following spells:

 Spells                   Type           Power      Damage    Failure   Level
 Confusing Touch          Hex            24%        N/A       4%          3
 Metabolic Englaciation   Hex/Ice        19%        N/A       10%         5
 Inner Flame              Hex/Fire       15%        N/A       12%         3
 Passwall                 Tmut/Erth      5%         N/A       13%         2
 Cause Fear               Hex            12%        N/A       17%         4
 Sticky Flame             Conj/Fire      24%        2d5       17%         4
 Gell's Gravitas          Tloc           7%         N/A       26%         3
 Swiftness                Air            7%         N/A       26%         3
 Dispel Undead            Necr           7%         3d8       65%         4
 Olgreb's Toxic Radiance  Pois           7%         N/A       65%         4
 Borgnjor's Vile Clutch   Necr/Erth      3%         N/A       94%         5
 Lee's Rapid Deconstruct  Erth           3%         3d6*      94%         5
 Statue Form              Tmut/Erth      4%         N/A       100%        6
 Borgnjor's Revivificati  Necr           3%         N/A       100%        8
 Discord                  Hex            12%        N/A       100%        8
 Tukima's Dance           Hex            Unusable   N/A       N/A         3
 Malign Gateway           Summ/Tloc      Unusable   N/A       N/A         7

Dungeon Overview and Level Annotations

Branches:
Dungeon (13/15)            Temple (0/1) D:4            Lair (6/6) D:10
 Shoals (0/4) Lair:4       Spider (0/4) Lair:2        Slime (0/5) Lair:6
    Orc (2/2) D:11            Elf (0/3) Orc:2         Sewer (visited)
Ossuary (visited)
 Vaults: D:13-14

Altars:
Cheibriados
Dithmenos
Elyvilon
Fedhas
Gozag
Kikubaaqudgha
Okawaru
Qazlal
Ru
Uskayaw
Wu Jian
Xom
Zin
Beogh
Jiyva
Lugonu

Shops:
D:1 ([   D:3 [   D:5 [*   D:12 (   Orc:2 *[:(

Portals:
Abyss: Lair:6

Annotations:
D:10 3 runed translucent doors, kae's ghost, journeyman TeSu
Lair:3 Gastronok
Lair:5 exclusion: oklob plant


Innate Abilities, Weirdness & Mutations

You have sharp claws.
You have razor-sharp teeth.
You have supernaturally acute eyesight. (SInv)
You cover ground quickly. (Speed+)
Your thick and shaggy fur keeps you warm. (AC +3, rC+)
Your paws help you pounce on unaware monsters.
You are incapable of wielding weapons or throwing items.
You cannot wear armour.
You gain extra lives every three experience levels.


Message History

Unknown command.
You claw the very large slime creature! You claw the very large slime creature.
The very large slime creature is heavily wounded.
The wall freezes the very large slime creature.
The very large slime creature misses you.
You scratch the very large slime creature.
The very large slime creature is heavily wounded.
The wall freezes the very large slime creature!
You block the very large slime creature's attack.
You scratch the very large slime creature.
The very large slime creature is heavily wounded.
The wall freezes the very large slime creature!
You block the very large slime creature's attack.
You claw the very large slime creature!
The very large slime creature is heavily wounded.
You claw the very large slime creature!
The very large slime creature is severely wounded.
The wall freezes the very large slime creature.
The very large slime creature hits you!!!
Ouch! That really hurt!
You scratch the very large slime creature but do no damage.
The very large slime creature is severely wounded.
The wall freezes the very large slime creature!
You block the very large slime creature's attack.
You claw the very large slime creature!
The very large slime creature is severely wounded.
The wall freezes the very large slime creature.
The very large slime creature misses you.
You claw the very large slime creature! You bite the very large slime creature.
The very large slime creature is almost dead.
The wall freezes the very large slime creature.
The very large slime creature misses you.
You scratch the very large slime creature.
The very large slime creature is almost dead.
You barely miss the very large slime creature.
The very large slime creature is almost dead.
The wall freezes the very large slime creature!
The very large slime creature hits you!!!
Ouch! That really hurt!
You die...

..........'...†...#.#
..........#######.#.#
...≈≈.....# ####.#.#
....≈.....# #.##.#.#
..≈≈≈.....####....#.#
..≈≈≈.....##........#
...≈≈.....##.#.######
..........##.#.######
############.#..@J..#
#### #.######.#
...##### #.# .#
.......# #.# J#
##.###.# #.# ..
.....#.# #.# ##
##.#.#.#####.#
...#.#.....#.#
##.#.#.......#####


You could see a very large slime creature.

Vanquished Creatures
  Donald (Arena)
  An orc warlord (Orc:1)
  A rakshasa (D:10)
  2 boulder beetles
  8 hydras
  An ogre mage (D:12)
  A centaur warrior (D:10)
  A catoblepas (Arena)
  4 thrashing horrors (Lair:6)
  9 two-headed ogres
  A tengu warrior (D:10)
  5 orc high priests (Orc:2)
  2 lindwurms (Lair:6)
  2 orc knights
  A deep elf pyromancer (D:12)
  2 ugly things
  2 cyclopes
  2 manticores
  3 orc sorcerers (Orc:2)
  A merfolk siren (Lair:4)
  9 elephants
  8 black mambas
  A gargoyle (D:13)
  A cane toad (shapeshifter) (Lair:6)
  12 cane toads
  An unseen horror (D:10)
  A rime drake (Lair:1)
  The ghost of casual the Changer, a novice OpTm of Cheibriados (D:5)
  A demonic crawler (Lair:2)
  9 komodo dragons
  An unseen horror (shapeshifter) (Lair:6)
  An ancient zyme (Lair:6)
  A polar bear (Lair:3)
  2 merfolk (Lair:4)
  7 trolls
  A hornet (D:7)
  A blink frog (shapeshifter) (D:13)
  A slime creature (shapeshifter) (Lair:6)
  47 blink frogs
  4 slime creatures
  8 dream sheep (Lair:4)
  A redback (shapeshifter) (Lair:6)
  2 shadows
  2 wraiths
  A spriggan (Lair:6)
  A vampire (D:10)
  A large abomination (Lair:6)
  3 wyverns
  4 basilisks
  26 yaks
  3 chaos spawn (Lair:6)
  4 steam dragons
  A vampire mosquito (D:10)
  Menkaure (D:7)
  4 wargs
  3 acid dragons (D:10)
  13 water moccasins
  2 swamp worms (Lair:2)
  Duvessa (D:7)
  2 ice beasts
  A hornet zombie (D:6)
  2 sky beasts
  33 orc warriors
  2 black bears
  3 wolves (Lair:2)
  11 ogres
  3 necrophages
  6 centaurs
  A phantom (D:5)
  3 kobold brigands
  A gnoll sergeant (D:10)
  18 bullfrogs
  6 small abominations (Lair:6)
  6 scorpions
  A wyvern skeleton (D:6)
  2 water moccasin skeletons (D:5)
  Dowan (D:7)
  9 killer bees
  10 wights
  8 howler monkeys
  A bullfrog zombie (D:6)
  2 hounds
  A lava snake (Orc:1)
  4 centaur zombies
  24 orc priests
  A gnoll shaman (D:5)
  2 jellies (Lair:6)
  A centaur skeleton (D:7)
  3 iguanas
  30 orc wizards
  A hound skeleton (D:4)
  3 mummies (Ossuary)
  A howler monkey zombie (D:11)
  6 gnolls
  10 adders
  2 shadow imps
  2 white imps
  An ufetubus (D:5)
  An adder skeleton (D:4)
  3 adder zombies (Ossuary)
  3 worms
  A dart slug (D:1)
  75 orcs
  2 bats (D:2)
  12 endoplasms
  16 giant cockroaches
  2 gnoll zombies (Ossuary)
  19 goblins
  10 hobgoblins
  2 jackals (D:5)
  9 quokkas
  18 ball pythons
  11 frilled lizards
  A goblin zombie (Ossuary)
  3 hobgoblin zombies (Ossuary)
  17 kobolds
  A kobold zombie (Ossuary)
  5 quokka zombies (Ossuary)
  A rat (D:1)
  3 rat zombies (Ossuary)
  A butterfly (Lair:1)
681 creatures vanquished.

Vanquished Creatures (others)
  An orc (D:10)
  A bush (D:5)
  69 fungi
  66 plants
  11 withered plants (D:11)
148 creatures vanquished.

Grand Total: 829 creatures vanquished

Notes
Turn   | Place    | Note
-------+----------+-------------------------------------------
     0 | D:1      | tilp the Felid Ice Elementalist began the quest for the
                  | Orb.
     0 | D:1      | Reached XP level 1. HP: 7/7 MP: 4/4
    56 | D:1      | Found a faded altar of an unknown god.
   379 | D:1      | Reached XP level 2. HP: 10/11 MP: 0/6
   621 | D:1      | Found Xanad's Antique Weapon Shoppe.
   626 | D:1      | Found Rotyb's Antique Armour Shop.
  1102 | D:2      | Found a shimmering altar of Xom.
  2403 | D:3      | Found an iron altar of Okawaru.
  2406 | D:3      | Found an ancient bone altar of Kikubaaqudgha.
  2437 | D:3      | Reached XP level 3. HP: 9/15 MP: 3/7
  2438 | D:3      | Reached skill level 1 in Unarmed Combat
  2442 | D:3      | Learned a level 3 spell: Frozen Ramparts
  2600 | D:3      | Became a worshipper of Warmaster Okawaru
  2633 | D:3      | Reached skill level 1 in Fighting
  2873 | D:3      | Noticed a necrophage
  2890 | D:3      | Killed a necrophage
  2891 | D:3      | Reached skill level 2 in Unarmed Combat
  2891 | D:3      | Reached XP level 4. HP: 15/19 MP: 1/8
  3153 | D:3      | Reached XP level 5. HP: 12/22 MP: 2/9
  3420 | D:3      | Reached skill level 1 in Invocations
  3495 | D:3      | Found Osilopn's Armour Boutique.
  3501 | D:3      | Reached * piety under Okawaru
  3711 | D:3      | Found a white marble altar of Elyvilon.
  3944 | D:4      | Found a stormy altar of Qazlal.
  3980 | D:4      | Found a staircase to the Ecumenical Temple.
  4004 | D:4      | Noticed an ogre
  4011 | D:4      | Killed an ogre
  4012 | D:4      | Gained mutation: You are covered in thick fur. (AC +2)
                  | [Felid growth]
  4012 | D:4      | Reached XP level 6. HP: 22/26 MP: 1/10
  4027 | D:4      | Reached skill level 5 in Ice Magic
  4132 | D:4      | Found a sand-covered staircase.
  4138 | Ossuary  | Entered an ossuary
  4374 | Ossuary  | Learned a level 3 spell: Ozocubu's Armour
  5175 | D:4      | Reached ** piety under Okawaru
  5435 | D:4      | Found a broken altar of Ashenzari.
  5438 | D:4      | Found a burning altar of Makhleb.
  5438 | D:4      | Found a stormy altar of Qazlal.
  5440 | D:4      | Found a shadowy altar of Dithmenos.
  5440 | D:4      | Found a shimmering altar of Xom.
  5440 | D:4      | Found an iron altar of Okawaru.
  5499 | D:4      | Reached XP level 7. HP: 27/30 MP: 3/11
  5834 | D:5      | Entered Level 5 of the Dungeon
  6296 | D:5      | Found Beabb's General Store.
  6367 | D:5      | Bought a scroll of identify for 24 gold pieces
  6377 | D:5      | Found a shadowy altar of Dithmenos.
  6636 | D:5      | Found Rieck's Armour Boutique.
  7069 | D:5      | Reached skill level 5 in Stealth
  7164 | D:5      | Reached XP level 8. HP: 34/34 MP: 2/12
  7334 | D:5      | Found a transporter.
  7416 | D:5      | Found a transporter.
  7420 | D:5      | Reached skill level 5 in Dodging
  7420 | D:5      | Reached skill level 3 in Unarmed Combat
  7427 | D:5      | Noticed casual's ghost (novice OpTm)
  7636 | D:5      | HP: 1/34 [ice beast (11)]
  8150 | D:5      | Learned a level 4 spell: Hailstorm
  8196 | D:6      | Found a hide-covered altar of Uskayaw.
  8254 | D:6      | Found a glowing drain.
  8341 | Sewer    | Entered a sewer
  9182 | Sewer    | Reached *** piety under Okawaru
  9183 | Sewer    | Reached skill level 4 in Unarmed Combat
  9498 | D:6      | Reached skill level 1 in Evocations
  9562 | D:6      | Reached skill level 1 in Conjurations
 10024 | D:6      | Reached XP level 9. HP: 28/38 MP: 6/14
 10776 | D:6      | Found an ornate altar of the Wu Jian Council.
 10819 | D:7      | Noticed Menkaure
 10925 | D:7      | Found a transporter.
 11010 | D:7      | Reached skill level 5 in Invocations
 11264 | D:7      | Noticed Duvessa
 11331 | D:7      | Killed Duvessa
 11361 | D:7      | Noticed Dowan
 11364 | D:7      | Killed Dowan
 11382 | D:7      | Killed Menkaure
 11382 | D:7      | Reached **** piety under Okawaru
 11725 | D:7      | Found a snail-covered altar of Cheibriados.
 11725 | D:7      | Found a sacrificial altar of Ru.
 12009 | D:7      | Found a blossoming altar of Fedhas.
 12063 | D:7      | Found a glowing silver altar of Zin.
 12063 | D:7      | Found an opulent altar of Gozag.
 12784 | D:8      | Reached XP level 10. HP: 42/42 MP: 3/17
 13368 | D:8      | Reached ***** piety under Okawaru
 14684 | D:9      | Reached skill level 5 in Conjurations
 14818 | Arena    | Entered the Arena
 15769 | D:10     | Entered Level 10 of the Dungeon
 15967 | D:10     | Noticed a two-headed ogre
 15978 | D:10     | Killed a two-headed ogre
 16057 | D:10     | Noticed a two-headed ogre
 16058 | D:10     | Identified the +3 trident "Goblinslayer" {vorpal, Drain
                  | rPois rC+ Str+2}
 16058 | D:10     | Noticed a centaur warrior
 16157 | D:10     | Reached skill level 10 in Ice Magic
 16206 | D:10     | Noticed a red ugly thing
 16214 | D:10     | Killed a red ugly thing
 16421 | D:10     | Reached XP level 11. HP: 30/46 MP: 8/18
 16546 | D:10     | Noticed a five-headed hydra
 16719 | D:10     | Noticed a boulder beetle
 16733 | D:10     | Killed a boulder beetle
 17200 | D:10     | Noticed a two-headed ogre
 17212 | D:9      | Reached skill level 5 in Evocations
 17534 | D:10     | Reached ****** piety under Okawaru
 17710 | D:10     | Killed a two-headed ogre
 17711 | D:10     | Reached skill level 5 in Unarmed Combat
 17752 | D:10     | Noticed a two-headed ogre
 17935 | D:10     | Killed a two-headed ogre
 17936 | D:10     | Reached skill level 5 in Fighting
 18475 | D:10     | Killed a centaur warrior
 18668 | D:10     | Noticed a tengu warrior
 18700 | D:10     | Got the Compendium of the Mountains and Moulding
 18820 | D:10     | Found a runed translucent gate.
 18820 | D:10     | Found a runed translucent gate.
 18820 | D:10     | Found a runed translucent gate.
 18821 | D:10     | Noticed an ogre mage
 18822 | D:10     | Found an opulent altar of Gozag.
 18822 | D:10     | Noticed a catoblepas
 18822 | D:10     | Noticed kae's ghost (journeyman TeSu)
 18875 | D:10     | Noticed a rakshasa
 18882 | D:10     | Killed a rakshasa
 19163 | D:10     | Killed a two-headed ogre
 19455 | D:10     | Found a staircase to the Lair.
 19649 | D:10     | Killed a five-headed hydra
 19937 | D:10     | Noticed a deep troll
 19941 | D:10     | a deep troll changed into a cyclops
 20019 | D:10     | Killed a tengu warrior
 20257 | D:11     | Reached skill level 6 in Unarmed Combat
 20257 | D:11     | Gained mutation: Your thick and shaggy fur keeps you warm.
                  | (AC +3, rC+) [Felid growth]
 20257 | D:11     | Reached XP level 12. HP: 51/52 MP: 19/19
 20657 | D:11     | You fall into a shaft and drop 1 floor!
 20992 | D:11     | Found an ancient bone altar of Kikubaaqudgha.
 21084 | D:11     | Found a staircase to the Orcish Mines.
 21252 | D:6      | Identified the +1 chain mail "Cehennoi" {Int-4 Dex+5}
 21265 | D:5      | Bought the brooch of Shielding {Spirit SH+8} for 712 gold
                  | pieces
 21265 | D:5      | Found the brooch of Shielding {Spirit SH+8}
 21328 | D:5      | Killed casual's ghost
 21449 | D:5      | Identified the +4 plate armour of Ignis's Esteem {rC+}
 21523 | D:7      | Found a transporter.
 21523 | D:7      | Noticed a two-headed ogre
 21534 | D:7      | Reached skill level 10 in Stealth
 21596 | D:7      | Killed a two-headed ogre
 21597 | D:7      | Reached skill level 7 in Unarmed Combat
 21835 | Orc:1    | Entered Level 1 of the Orcish Mines
 22036 | Lair:1   | Entered Level 1 of the Lair of Beasts
 22037 | Lair:1   | Noticed a six-headed hydra
 22050 | Lair:1   | Killed a six-headed hydra
 22163 | Lair:1   | Reached skill level 8 in Unarmed Combat
 23445 | Lair:2   | Reached skill level 9 in Unarmed Combat
 23907 | Lair:2   | Found a hole to the Spider Nest.
 24618 | Lair:3   | Noticed Gastronok
 24951 | Lair:3   | Reached skill level 10 in Unarmed Combat
 25345 | Lair:3   | Reached XP level 13. HP: 51/58 MP: 10/20
 26870 | Lair:4   | Found a staircase to the Shoals.
 27480 | Lair:4   | Learned a level 2 spell: Ensorcelled Hibernation
 28027 | Lair:5   | Reached skill level 10 in Invocations
 28395 | Lair:5   | Identified the +1 chain mail "Wugeluss" {Rampage Will+}
 29345 | Arena    | Entered the Arena
 29877 | Lair:6   | Entered Level 6 of the Lair of Beasts
 30184 | Lair:6   | Found a runed translucent door.
 30184 | Lair:6   | Found a viscous altar of Jiyva.
 30202 | Lair:6   | Found a staircase to the Slime Pits.
 30758 | Lair:6   | Reached skill level 10 in Dodging
 30779 | Lair:6   | Reached skill level 11 in Unarmed Combat
 30948 | Lair:6   | Reached XP level 14. HP: 58/64 MP: 12/22
 31828 | Lair:6   | Reached skill level 10 in Fighting
 32415 | Lair:6   | Reached skill level 12 in Unarmed Combat
 32538 | Lair:6   | Got Suhihaguow's Collected Works on Curses and Sinister
                  | Arts
 32564 | Lair:6   | Reached skill level 1 in Hexes
 34013 | Lair:6   | Found a corrupted altar of Lugonu.
 34013 | Lair:6   | Found a one-way gate to the infinite horrors of the Abyss.
 34451 | Orc:2    | Entered Level 2 of the Orcish Mines
 35315 | Orc:2    | Noticed Donald
 35316 | Arena    | Entered the Arena
 35334 | Arena    | Mangled by Donald
 35335 | Arena    | Reached XP level 13. HP: -6/61 MP: 0/21
 35348 | Arena    | Killed Donald
 35349 | Arena    | Reached skill level 5 in Spellcasting
 36346 | Orc:2    | Noticed an orc warlord
 38720 | Orc:2    | Found Veoginac's Antique Weapon Shop.
 38739 | Orc:2    | Slain by a sixfirhy
 38740 | Orc:2    | Reached XP level 12. HP: -2/58 MP: 0/21
 38740 | Orc:2    | Found Taphet's General Store.
 38780 | Orc:2    | Killed an orc high priest
 38805 | Orc:2    | Reached XP level 13. HP: 61/61 MP: 1/23
 39377 | Orc:2    | Found a staircase to the Elven Halls.
 39453 | Orc:2    | Found Fuamnugg's Book Shoppe.
 39774 | Orc:2    | Found Qiobris's Antique Armour Emporium.
 40250 | Orc:1    | Killed an orc warlord
 40757 | Lair:2   | Got the Almanac of the Compass and Poison
 40758 | Lair:2   | Upgraded the game from 0.28-a0-863-g8cecda6153 to
                  | 0.28-a0-872-g80cf8599ee
 41344 | D:12     | Found Wemifu's Antique Weapon Emporium.
 42028 | D:12     | Learned a level 2 spell: Static Discharge
 42469 | D:13     | Identified the +11 great sword "Haleg" {vorpal, rPois MP+9
                  | Dex-3}
 42608 | D:13     | Mangled by a very large slime creature

Illustrated notes

Levels and vault maps discovered:
D:1:      scummos_arrival_simple_crosswalls, layout_loops_corners, serial_shops,
          shop, shop, hellmonk_ecumenical_altar_inner_sanctum
D:2:      layout_basic, serial_bayou, serial_bayou_pond_d,
          serial_bayou_crossing, serial_bayou_lagoon_a, serial_bayou_pond_b,
          basic_altar
D:3:      layout_basic, elyvilon_altar_5, nicolae_overflow_squiral,
          serial_shops, shop_fountains, kennysheep_generic_room_14
D:4:      layout_gridville, doesnt_xom_only_xom,
          nicolae_qazlal_general_emergency, minmay_temple_entry_tees,
          enter_ossuary_5, grunt_ministairs_15
D:5:      corexii_shack_village, layout_loops_ring,
          grunt_dithmenos_smoke_and_mirrors, serial_shops, shop, shop,
          gammafunk_ghost_hive, kb_lookout_dungeons_type, minmay_door_square
D:6:      layout_rooms, nicolae_wu_jian_immortal_techniques,
          mainiacjoe_overflow_concentric_impassable, portal_sewer_entry_d,
          minmay_misc_feat_tower, minmay_ogre_servants
D:7:      gammafunk_beogh_shrine, layout_cave_pools,
          grunt_temple_overflow_gold_and_silver, marbit_many_paths,
          gammafunk_temple_overflow_statue, minmay_misc_feat_x,
          nicolae_lava_and_water, lightli_orcish_oven, uniq_menkaure,
          uniq_duvessa
D:8:      layout_layer_cave
D:9:      layout_roguey
D:10:     minmay_the_grid_octo_tiled_squarecenter
          [minmay_the_grid_octo_clover_2, minmay_the_grid_octo_empty,
          minmay_the_grid_octo_vomiting_pacman, minmay_the_grid_octo_77,
          minmay_the_grid_square_5x5_megaprize_checkered,
          minmay_the_grid_square_5x5_gyroscope,
          minmay_the_grid_square_5x5_checkered_sparse,
          minmay_the_grid_square_5x5_meh, minmay_the_grid_square_5x5_forky],
          layout_long_grid, grunt_lair_entry_orc_guard_hut, ebering_ghost_gozag,
          kennysheep_diamond, minmay_misc_feat_iff
D:11:     layout_rooms, kiku_gazebo_garden_becter
D:12:     layout_loops_ring, serial_shops, nicolae_shop_crystal
D:13:     four-leaf_vault, layout_basic, david_vaults_2
Lair:1:   layout_cave_shapes, grunt_megastairs_4, lemuel_fruit_fields
Lair:2:   layout_misc_corridors, nicolae_spider_entry_non_spiders, worms_lemuel
Lair:3:   layout_cave_pods, uniq_gastronok
Lair:4:   layout_loops_ring, elwin_shoals_entry_stream
Lair:5:   layout_misc_corridors, nicolae_quartered_pool_impasse,
          grunt_megastairs_1, serial_bayou_shore_b
Lair:6:   hellmonk_lair_end_abyssal_woods, layout_cave_pods, slime_altar_2
Orc:1:    layout_diamond_mine, nicolae_orc_lava_tube
Orc:2:    grunt_orc_gardens, layout_caves, grunt_orc_garden, grunt_orc_garden,
          grunt_orc_garden, grunt_orc_garden, uniq_donald

Skill      XL: |  1  2  3  4  5  6  7  8  9 10 11 12 13 14 |
---------------+-------------------------------------------+-----
Ice Magic      | 4 5 6 7 10 11 | 11.4
Stealth        | 3 4 5 6 9 10 | 10.0
Dodging        | 3 4 6 8 10 | 10.0
Unarmed Combat | 2 4 6 10 11 12 | 12.0
Fighting       | 2 4 6 8 9 10 | 10.0
Invocations    | 2 3 4 6 7 8 10 | 10.0
Evocations     | 2 4 6 8 |  8.0
Conjurations   | 1 4 6 8 |  8.0
Spellcasting   | 4 6 7 |  7.0
Hexes          | 4 |  4.0

Action                   |  1- 3 |  4- 6 |  7- 9 | 10-12 | 13-15 || total
-------------------------+-------+-------+-------+-------+-------++-------
Melee: Unarmed           |    22 |   100 |   345 |   386 |   678 ||  1531
       Bite              |       |    14 |    23 |    39 |    48 ||   124
       Punch             |       |     1 |     5 |     9 |    33 ||    48
 Cast: Freeze            |    45 |    21 |    38 |    68 |    20 ||   192
       Frozen Ramparts   |     2 |     8 |    48 |    46 |    55 ||   159
       Ozocubu's Armour  |       |     4 |    35 |    69 |    66 ||   174
       Hailstorm         |       |       |     6 |   113 |   155 ||   274
       Ensorcelled Hiber |       |       |       |     3 |   124 ||   127
Invok: Heroism           |       |       |    14 |     4 |    15 ||    33
       Duel              |       |       |       |     1 |     2 ||     3
       Finesse           |       |       |       |       |     6 ||     6
Evoke: Wand              |       |    13 |    31 |    53 |     6 ||   103
       Phial of floods   |       |       |       |     1 |     1 ||     2
       Piece from Xom's  |       |       |       |       |     2 ||     2
       Condenser vane    |       |       |       |       |     1 ||     1
  Use: Scroll            |     4 |     7 |     8 |     8 |     3 ||    30
       Potion            |       |     1 |     2 |     2 |     5 ||    10
 Stab: Sleeping          |     6 |     4 |     8 |    10 |    69 ||    97
       Distracted        |       |       |     3 |       |       ||     3
       Paralysed         |       |       |     2 |    20 |     3 ||    25
Armor: Skin              |     3 |    12 |    55 |    93 |    94 ||   257
Dodge: Dodged            |    53 |    80 |   345 |   390 |   518 ||  1386
Block: Other             |       |       |       |    41 |   254 ||   295

Table legend: (Time is in decaauts)
 A = Elapsed time spent in this place.
 B = Non-inter-level travel time spent in this place.
 C = Inter-level travel time spent in this place.
 D = Time resting spent in this place.
 E = Time spent auto-exploring this place.
 F = Levels seen in this place.
 G = Mean time per level.
                   A        B        C        D        E       F      G
               +--------+--------+--------+--------+--------+-----+--------+
         Total |  39130 |  37157 |   1973 |  14428 |  16636 |  26 | 1505.0 |
       Dungeon |  19789 |  18731 |   1058 |   6918 |   8830 |  13 | 1522.2 |
          Lair |  11402 |  10672 |    730 |   2554 |   6224 |   6 | 1900.3 |
  Orcish Mines |   5771 |   5587 |    184 |   3830 |   1040 |   2 | 2885.5 |
         Sewer |   1100 |   1100 |      0 |    312 |    522 |   1 | 1100.0 |
       Ossuary |    920 |    920 |      0 |    715 |     18 |   1 |  920.0 |
         Arena |    144 |    144 |      0 |     96 |      0 |   3 |   48.0 |
               +--------+--------+--------+--------+--------+-----+--------+

Top non-repeatable levels by time:
  Lair:6: 3798 daAuts
   Orc:1: 3738 daAuts
    D:10: 3016 daAuts
     D:9: 2854 daAuts
     D:5: 2396 daAuts
  Lair:4: 2244 daAuts
   Orc:2: 2033 daAuts
     D:8: 1621 daAuts
  Lair:2: 1430 daAuts
     D:7: 1426 daAuts
  Lair:5: 1398 daAuts
     D:6: 1347 daAuts
  Lair:1: 1306 daAuts
     D:3: 1298 daAuts
    D:11: 1239 daAuts
